Flyers vs Hurricanes

Created - February 1 2012 at 18:55

Goals
1 2 3 OT1 T
Flyers 0 3 1 0 4
Hurricanes 1 2 1 1 5
Shots
1 2 3 OT1 T
Flyers 5 10 7 1 23
Hurricanes 12 9 11 4 36

Period #1

1. Hurricanes , Thomas Vanek 30 (Eric Staal) at 9:19 (PP)

Penalties :
Pascal Dupuis (PHI) for Tripping (Minor) at 9:17, Ladislav Smid (PHI) for Delaying the game (Minor) at 9:28, Pascal Dupuis (PHI) for Slashing (Minor) at 15:55, Matt Cooke (CAR) for Roughing (Double Minor) at 19:59, Ladislav Smid (PHI) for Cross-checking (Minor) at 19:59

Period #2

2. Flyers , Chris Pronger 8 (Ilya Kovalchuk, Nikolai Kulemin) at 2:26 (PP)
3. Hurricanes , Patrik Elias 14 (Matt Cooke, Jarome Iginla) at 3:19 (PP)
4. Flyers , Kyle Brodziak 4 (Randy Jones, Andrej Sekera) at 12:38
5. Hurricanes , Eric Staal 28 (Patrick Eaves, Anton Stralman) at 16:36 (PP)
6. Flyers , Justin Williams 24 (Tim Connolly, Andrej Sekera) at 16:53

Penalties :
Rostislav Klesla (PHI) for Holding (Minor) at 2:56, Justin Williams (PHI) for Hooking (Minor) at 6:40, Raffi Torres (PHI) for Hooking (Minor) at 15:21, Nikolai Kulemin (PHI) for Hooking (Minor) at 17:20, Andrej Sekera (PHI) for Hooking (Minor) at 18:53

Period #3

7. Flyers , Matt DAgostini 5 (Andrej Sekera) at 4:18
8. Hurricanes , Mike Weber 4 (Shane OBrien) at 15:09

Penalties :
Rostislav Klesla (PHI) for Roughing (Minor) at 12:45

Overtime #1

9. Hurricanes , Patrik Elias 15 (Thomas Vanek, Shane OBrien) at 2:49

Penalties :
No Penalty

Goalie Stats

Tomas Vokoun (PHI), 31 saves from 36 shots - (0.861), OTL, 21-15-5, 62:50 minutes
Johan Hedberg (CAR), 19 saves from 23 shots - (0.826), W, 13-17-2, 62:50 minutes

Players Stats

Flyers
Player Name              G  A  P  +/- PIM S  H  SB FO    MP 
------------------------------------------------------------
Andrej Sekera            0  3  3   3  2   0  1  3  0/0   23 
Brandon McMillan         0  0  0   1  0   1  1  0  0/1   11 
Brendan Morrison         0  0  0  -1  0   0  2  0  9/23  16 
Chris Pronger            1  0  1  -1  0   1  2  1  0/0   22 
Ilya Kovalchuk           0  1  1  -2  0   4  0  0  2/2   17 
John Madden              0  0  0   1  0   1  0  0  10/20 12 
Justin Williams          1  0  1   1  2   2  0  0  0/1   18 
Kyle Brodziak            1  0  1   1  0   1  1  1  6/22  16 
Ladislav Smid            0  0  0   0  4   0  6  3  0/0   19 
Lee Stempniak            0  0  0   1  0   2  0  0  0/0   10 
Marc-Andre Bergeron      0  0  0  -1  0   1  0  1  0/0   18 
Matt DAgostini           1  0  1   2  0   4  1  0  0/0   16 
Nikolai Kulemin          0  1  1  -2  2   2  0  0  1/4   17 
Pascal Dupuis            0  0  0   1  4   1  3  0  0/0   15 
Raffi Torres             0  0  0   1  2   0  1  0  0/0   7  
Randy Jones              0  1  1   1  0   0  2  1  0/0   19 
Rostislav Klesla         0  0  0  -1  4   1  2  2  0/0   24 
Tim Connolly             0  1  1   1  0   2  0  0  9/19  18 
Hurricanes
Player Name              G  A  P  +/- PIM S  H  SB FO    MP 
------------------------------------------------------------
Anton Stralman           0  1  1   0  0   2  1  1  0/0   24 
Chris Thorburn           0  0  0   1  0   1  2  0  0/1   6  
Dainius Zubrus           0  0  0  -2  0   3  0  0  0/0   15 
Eric Staal               1  1  2  -1  0   4  2  0  18/27 23 
Jarome Iginla            0  1  1   0  0   2  0  0  3/5   20 
Jaroslav Spacek          0  0  0   0  0   0  0  1  0/0   21 
John Mitchell            0  0  0   1  0   0  2  0  5/9   6  
Johnny Oduya             0  0  0  -1  0   2  1  2  0/0   22 
Martin Hanzal            0  0  0  -2  0   2  5  0  9/17  15 
Matt Cooke               0  1  1   0  4   2  6  0  0/1   18 
Mike Weber               1  0  1   1  0   1  2  0  0/0   21 
Patrick Eaves            0  1  1  -1  0   3  2  0  0/0   20 
Patrik Elias             2  0  2   1  0   4  0  0  16/24 20 
Ruslan Fedotenko         0  0  0  -2  0   2  3  0  0/1   13 
Ryan Shannon             0  0  0   1  0   0  0  0  1/1   6  
Ryan Wilson              0  0  0  -2  0   0  4  1  0/0   13 
Shane OBrien             0  2  2   0  0   2  1  4  0/0   23 
Thomas Vanek             1  1  2   0  0   6  1  0  3/6   23 

3 Stars

1 - Patrik Elias (CAR)
2 - Andrej Sekera (PHI)
3 - Matt DAgostini (PHI)

Power Play

Flyers - 1 on 1 Attempt(s) - 100.00%
Hurricanes - 3 on 9 Attempt(s) - 33.33%

Penalty Kill

Flyers - 6 on 9 Attempt(s) - 66.67% - Score 0 goal in Penalty Kill
Hurricanes - 0 on 1 Attempt(s) - 0.00% - Score 0 goal in Penalty Kill

Game Notes

No Game Note

Finance

Level 1 -- Attendance: 4650 (77.50%) -- Ticket Income $418,500.00
Level 2 -- Attendance: 4179 (83.58%) -- Ticket Income $229,845.00
Level 3 -- Attendance: 2573 (73.51%) -- Ticket Income $90,055.00
Level 4 -- Attendance: 2670 (82.66%) -- Ticket Income $50,730.00
Luxury Box -- Attendance: 878 (87.80%) -- Ticket Income $162,430.00
Game was played at the RBC Center
Total Attendance: 14950 (79.82%)
Total Ticket Income: $998,144.30
Other Income: $203,780.40
Total Income: $1,201,924.00


Play by Play

Period #1

0:01 of 1st period - Brendan Morrison wins face-off versus Eric Staal in neutral zone.
0:20 of 1st period - Shot by Ilya Kovalchuk.
0:20 of 1st period - Shot Misses the Net.
0:44 of 1st period - Chris Pronger is hit by Johnny Oduya and loses puck.
2:22 of 1st period - Shot by Pascal Dupuis.
2:22 of 1st period - Deflect By Brandon McMillan.
2:22 of 1st period - Shot Misses the Net.
2:24 of 1st period - Shot by Kyle Brodziak.
2:24 of 1st period - Shot Misses the Net.
2:26 of 1st period - Shot by Brandon McMillan.
2:26 of 1st period - Stopped by Johan Hedberg without a rebound.
2:27 of 1st period - John Madden wins face-off versus Chris Thorburn in Hurricanes zone.
3:47 of 1st period - Eric Staal is hit by Chris Pronger and loses puck.
4:30 of 1st period - Ryan Wilson is hit by Ladislav Smid.
4:41 of 1st period - Icing by Ladislav Smid.
4:42 of 1st period - John Mitchell wins face-off versus Tim Connolly in Flyers zone.
5:02 of 1st period - Icing by Shane OBrien.
5:03 of 1st period - John Mitchell wins face-off versus Kyle Brodziak in Hurricanes zone.
5:23 of 1st period - Mike Weber is hit by Pascal Dupuis and loses puck.
5:46 of 1st period - Shot by Eric Staal.
5:46 of 1st period - Stopped by Tomas Vokoun with a rebound.
5:48 of 1st period - Shot by Patrick Eaves.
5:48 of 1st period - Shot Misses the Net.
6:32 of 1st period - Shot by Dainius Zubrus.
6:32 of 1st period - Stopped by Tomas Vokoun without a rebound.
6:33 of 1st period - Patrik Elias wins face-off versus Brendan Morrison in Flyers zone.
6:48 of 1st period - Shot by Brendan Morrison.
6:48 of 1st period - Shot Misses the Net.
6:52 of 1st period - Shot by Ilya Kovalchuk.
6:52 of 1st period - Stopped by Johan Hedberg without a rebound.
6:53 of 1st period - Tim Connolly wins face-off versus Ruslan Fedotenko in Hurricanes zone.
6:53 of 1st period - Tim Connolly is hit by Ryan Wilson.
7:10 of 1st period - Shot by Ruslan Fedotenko.
7:10 of 1st period - Stopped by Tomas Vokoun without a rebound.
7:11 of 1st period - Brendan Morrison wins face-off versus Jarome Iginla in Flyers zone.
7:11 of 1st period - Brendan Morrison is hit by Matt Cooke.
7:24 of 1st period - Icing by Jaroslav Spacek.
7:25 of 1st period - Patrik Elias wins face-off versus Tim Connolly in Hurricanes zone.
8:03 of 1st period - Icing by Eric Staal.
8:04 of 1st period - Eric Staal wins face-off versus Brendan Morrison in Hurricanes zone.
8:04 of 1st period - Eric Staal is hit by Brendan Morrison.
8:19 of 1st period - Icing by Chris Pronger.
8:20 of 1st period - Brendan Morrison wins face-off versus Martin Hanzal in Flyers zone.
8:44 of 1st period - Shot by Dainius Zubrus.
8:44 of 1st period - Stopped by Tomas Vokoun without a rebound.
8:45 of 1st period - Tim Connolly wins face-off versus Eric Staal in Flyers zone.
8:47 of 1st period - Icing by Andrej Sekera.
8:48 of 1st period - Eric Staal wins face-off versus Tim Connolly in Flyers zone.
8:52 of 1st period - Shot by Anton Stralman.
8:52 of 1st period - Shot Blocked by Ladislav Smid.
8:54 of 1st period - Shot by Johnny Oduya.
8:54 of 1st period - Shot Blocked by Ladislav Smid.
8:56 of 1st period - Shot by Patrick Eaves.
8:56 of 1st period - Stopped by Tomas Vokoun without a rebound.
8:57 of 1st period - Kyle Brodziak wins face-off versus Patrik Elias in Flyers zone.
8:57 of 1st period - Kyle Brodziak is hit by Matt Cooke.
9:02 of 1st period - Icing by Marc-Andre Bergeron.
9:03 of 1st period - Kyle Brodziak wins face-off versus Martin Hanzal in Flyers zone.
9:17 of 1st period - Minor Penalty to Pascal Dupuis for Tripping.
9:18 of 1st period - Eric Staal wins face-off versus John Madden in Flyers zone.
9:19 of 1st period - Shot by Thomas Vanek.
9:19 of 1st period - Goal by Thomas Vanek - Flyers : 0 - Hurricanes : 1.
9:20 of 1st period - Eric Staal wins face-off versus Tim Connolly in neutral zone.
9:28 of 1st period - Minor Penalty to Ladislav Smid for Delaying the game.
9:29 of 1st period - Patrik Elias wins face-off versus John Madden in Flyers zone.
9:52 of 1st period - Shot by Jarome Iginla.
9:52 of 1st period - Stopped by Tomas Vokoun with a rebound.
9:54 of 1st period - Shot by Jarome Iginla.
9:54 of 1st period - Shot Misses the Net.
9:56 of 1st period - Shot by Matt Cooke.
9:56 of 1st period - Shot Misses the Net.
9:58 of 1st period - Shot by Shane OBrien.
9:58 of 1st period - Stopped by Tomas Vokoun without a rebound.
9:59 of 1st period - John Madden wins face-off versus Eric Staal in Flyers zone.
9:59 of 1st period - John Madden is hit by Patrick Eaves.
10:11 of 1st period - Shot by Thomas Vanek.
10:11 of 1st period - Shot Misses the Net.
11:07 of 1st period - Shot by Matt Cooke.
11:07 of 1st period - Shot Misses the Net.
11:33 of 1st period - Shot by Ruslan Fedotenko.
11:33 of 1st period - Shot Blocked by Andrej Sekera.
11:35 of 1st period - Shot by Martin Hanzal.
11:35 of 1st period - Stopped by Tomas Vokoun with a rebound.
11:37 of 1st period - Shot by Martin Hanzal.
11:37 of 1st period - Shot Misses the Net.
11:39 of 1st period - Shot by Johnny Oduya.
11:39 of 1st period - Stopped by Tomas Vokoun without a rebound.
11:40 of 1st period - Brendan Morrison wins face-off versus John Mitchell in Flyers zone.
11:40 of 1st period - Brendan Morrison is hit by John Mitchell.
11:43 of 1st period - Ilya Kovalchuk is hit by John Mitchell and loses puck.
11:55 of 1st period - Icing by Chris Thorburn.
11:56 of 1st period - Tim Connolly wins face-off versus John Mitchell in Hurricanes zone.
11:56 of 1st period - Tim Connolly is hit by Mike Weber.
12:06 of 1st period - Shot by Matt DAgostini.
12:06 of 1st period - Stopped by Johan Hedberg without a rebound.
12:07 of 1st period - Martin Hanzal wins face-off versus Kyle Brodziak in Hurricanes zone.
13:12 of 1st period - Shot by Justin Williams.
13:12 of 1st period - Shot Blocked by Ryan Wilson.
13:16 of 1st period - Shot by Matt DAgostini.
13:16 of 1st period - Stopped by Johan Hedberg without a rebound.
13:17 of 1st period - Brendan Morrison wins face-off versus Eric Staal in Hurricanes zone.
13:29 of 1st period - Icing by Thomas Vanek.
13:30 of 1st period - Thomas Vanek wins face-off versus John Madden in Hurricanes zone.
13:30 of 1st period - Thomas Vanek is hit by Raffi Torres.
13:44 of 1st period - Shot by Raffi Torres.
13:44 of 1st period - Shot Misses the Net.
14:27 of 1st period - Shot by Jarome Iginla.
14:27 of 1st period - Stopped by Tomas Vokoun without a rebound.
14:28 of 1st period - Tim Connolly wins face-off versus Patrik Elias in Flyers zone.
14:34 of 1st period - Icing by Andrej Sekera.
14:35 of 1st period - Tim Connolly wins face-off versus Jarome Iginla in Flyers zone.
14:50 of 1st period - Shot by Jarome Iginla.
14:50 of 1st period - Shot Misses the Net.
15:49 of 1st period - Icing by Jarome Iginla.
15:50 of 1st period - Patrik Elias wins face-off versus Kyle Brodziak in Hurricanes zone.
15:54 of 1st period - Jaroslav Spacek is hit by Pascal Dupuis and loses puck.
15:55 of 1st period - Minor Penalty to Pascal Dupuis for Slashing.
15:56 of 1st period - Eric Staal wins face-off versus Kyle Brodziak in Flyers zone.
16:41 of 1st period - Icing by Anton Stralman.
16:42 of 1st period - Eric Staal wins face-off versus Kyle Brodziak in Hurricanes zone.
17:24 of 1st period - Icing by Johnny Oduya.
17:25 of 1st period - John Madden wins face-off versus Martin Hanzal in Hurricanes zone.
17:26 of 1st period - Shot by Rostislav Klesla.
17:26 of 1st period - Stopped by Johan Hedberg without a rebound.
17:27 of 1st period - John Madden wins face-off versus Patrik Elias in Hurricanes zone.
18:46 of 1st period - Shot by Thomas Vanek.
18:46 of 1st period - Shot Blocked by Andrej Sekera.
18:50 of 1st period - Shot by Patrick Eaves.
18:50 of 1st period - Stopped by Tomas Vokoun without a rebound.
18:51 of 1st period - Brendan Morrison wins face-off versus Martin Hanzal in Flyers zone.
18:51 of 1st period - Chris Pronger is hit by Ruslan Fedotenko and loses puck.
19:16 of 1st period - Shot by Dainius Zubrus.
19:16 of 1st period - Shot Misses the Net.
19:26 of 1st period - Nikolai Kulemin is hit by Martin Hanzal and loses puck.
19:49 of 1st period - Matt DAgostini is hit by Martin Hanzal and loses puck.
19:59 of 1st period - Double Minor Penalty to Matt Cooke for Roughing.
19:59 of 1st period - Minor Penalty to Ladislav Smid for Cross-checking.

Period #2

0:01 of 2nd period - Eric Staal wins face-off versus Nikolai Kulemin in neutral zone.
0:14 of 2nd period - Shot by Ilya Kovalchuk.
0:14 of 2nd period - Stopped by Johan Hedberg without a rebound.
0:15 of 2nd period - Tim Connolly wins face-off versus Thomas Vanek in Hurricanes zone.
0:46 of 2nd period - Shot by Thomas Vanek.
0:46 of 2nd period - Shot Misses the Net.
1:31 of 2nd period - Shot by Jarome Iginla.
1:31 of 2nd period - Deflect By Eric Staal.
1:31 of 2nd period - Shot Misses the Net.
1:41 of 2nd period - Shot by Ilya Kovalchuk.
1:41 of 2nd period - Stopped by Johan Hedberg without a rebound.
1:42 of 2nd period - Thomas Vanek wins face-off versus Nikolai Kulemin in Hurricanes zone.
1:49 of 2nd period - Chris Pronger is hit by Thomas Vanek.
2:11 of 2nd period - Shot by Andrej Sekera.
2:11 of 2nd period - Shot Blocked by Johnny Oduya.
2:13 of 2nd period - Shot by Rostislav Klesla.
2:13 of 2nd period - Deflect By Tim Connolly.
2:13 of 2nd period - Stopped by Johan Hedberg without a rebound.
2:14 of 2nd period - Brendan Morrison wins face-off versus Patrik Elias in Hurricanes zone.
2:14 of 2nd period - Brendan Morrison is hit by Shane OBrien.
2:24 of 2nd period - Shot by Ilya Kovalchuk.
2:24 of 2nd period - Shot Misses the Net.
2:26 of 2nd period - Shot by Chris Pronger.
2:26 of 2nd period - Goal by Chris Pronger - Flyers : 1 - Hurricanes : 1.
2:27 of 2nd period - John Mitchell wins face-off versus Kyle Brodziak in neutral zone.
2:43 of 2nd period - Shot by Chris Thorburn.
2:43 of 2nd period - Stopped by Tomas Vokoun without a rebound.
2:44 of 2nd period - John Madden wins face-off versus Eric Staal in Flyers zone.
2:56 of 2nd period - Minor Penalty to Rostislav Klesla for Holding.
2:57 of 2nd period - Patrik Elias wins face-off versus Kyle Brodziak in Flyers zone.
2:57 of 2nd period - Patrik Elias is hit by Randy Jones.
3:17 of 2nd period - Shot by Jarome Iginla.
3:17 of 2nd period - Shot Misses the Net.
3:19 of 2nd period - Shot by Matt Cooke.
3:19 of 2nd period - Deflect By Patrik Elias.
3:19 of 2nd period - Goal by Patrik Elias - Flyers : 1 - Hurricanes : 2.
3:20 of 2nd period - Martin Hanzal wins face-off versus Tim Connolly in neutral zone.
3:49 of 2nd period - Shot by Dainius Zubrus.
3:49 of 2nd period - Stopped by Tomas Vokoun without a rebound.
3:50 of 2nd period - Eric Staal wins face-off versus Brendan Morrison in Flyers zone.
3:53 of 2nd period - Shot by Thomas Vanek.
3:53 of 2nd period - Shot Misses the Net.
4:26 of 2nd period - Shot by Ilya Kovalchuk.
4:26 of 2nd period - Shot Misses the Net.
5:20 of 2nd period - Tim Connolly is hit by Matt Cooke and loses puck.
5:25 of 2nd period - Shot by Patrik Elias.
5:25 of 2nd period - Stopped by Tomas Vokoun without a rebound.
5:26 of 2nd period - Kyle Brodziak wins face-off versus Martin Hanzal in Flyers zone.
5:26 of 2nd period - Kyle Brodziak is hit by Martin Hanzal.
5:39 of 2nd period - Pascal Dupuis is hit by Ryan Wilson and loses puck.
6:02 of 2nd period - Shot by Martin Hanzal.
6:02 of 2nd period - Stopped by Tomas Vokoun with a rebound.
6:06 of 2nd period - Shot by Martin Hanzal.
6:06 of 2nd period - Deflect By Ruslan Fedotenko.
6:06 of 2nd period - Shot Blocked by Kyle Brodziak.
6:31 of 2nd period - Icing by Andrej Sekera.
6:32 of 2nd period - Patrik Elias wins face-off versus Tim Connolly in Flyers zone.
6:40 of 2nd period - Minor Penalty to Justin Williams for Hooking.
6:41 of 2nd period - John Madden wins face-off versus Patrik Elias in Flyers zone.
6:41 of 2nd period - John Madden is hit by Matt Cooke.
7:47 of 2nd period - Shot by Lee Stempniak.
7:47 of 2nd period - Stopped by Johan Hedberg without a rebound.
7:48 of 2nd period - Patrik Elias wins face-off versus John Madden in Hurricanes zone.
8:01 of 2nd period - Shot by Johnny Oduya.
8:01 of 2nd period - Stopped by Tomas Vokoun without a rebound.
8:02 of 2nd period - Kyle Brodziak wins face-off versus Eric Staal in Flyers zone.
8:53 of 2nd period - Ruslan Fedotenko is hit by Ladislav Smid and loses puck.
8:57 of 2nd period - Icing by Matt DAgostini.
8:58 of 2nd period - Patrik Elias wins face-off versus Tim Connolly in Flyers zone.
10:11 of 2nd period - Martin Hanzal is hit by Ladislav Smid and loses puck.
10:38 of 2nd period - Eric Staal is hit by Ladislav Smid and loses puck.
10:49 of 2nd period - Shot by Eric Staal.
10:49 of 2nd period - Shot Blocked by Marc-Andre Bergeron.
10:52 of 2nd period - Thomas Vanek is hit by Ladislav Smid and loses puck.
11:09 of 2nd period - Shot by Chris Thorburn.
11:09 of 2nd period - Shot Misses the Net.
11:30 of 2nd period - Off-side.
11:31 of 2nd period - Patrik Elias wins face-off versus Brendan Morrison in neutral zone.
12:03 of 2nd period - Icing by Johnny Oduya.
12:04 of 2nd period - Patrik Elias wins face-off versus Brendan Morrison in Hurricanes zone.
12:22 of 2nd period - Shot by Ilya Kovalchuk.
12:22 of 2nd period - Stopped by Johan Hedberg without a rebound.
12:23 of 2nd period - Martin Hanzal wins face-off versus Brandon McMillan in Hurricanes zone.
12:23 of 2nd period - Ryan Wilson is hit by Pascal Dupuis and loses puck.
12:31 of 2nd period - Pascal Dupuis is hit by Ryan Wilson and loses puck.
12:38 of 2nd period - Shot by Kyle Brodziak.
12:38 of 2nd period - Goal by Kyle Brodziak - Flyers : 2 - Hurricanes : 2.
12:39 of 2nd period - Martin Hanzal wins face-off versus Brendan Morrison in neutral zone.
12:49 of 2nd period - Icing by Ilya Kovalchuk.
12:50 of 2nd period - Brendan Morrison wins face-off versus Eric Staal in Flyers zone.
12:52 of 2nd period - Icing by Ilya Kovalchuk.
12:53 of 2nd period - Eric Staal wins face-off versus Brendan Morrison in Flyers zone.
13:02 of 2nd period - Shot by Nikolai Kulemin.
13:02 of 2nd period - Shot Misses the Net.
13:04 of 2nd period - Shot by Nikolai Kulemin.
13:04 of 2nd period - Stopped by Johan Hedberg without a rebound.
13:05 of 2nd period - Martin Hanzal wins face-off versus Kyle Brodziak in Hurricanes zone.
13:05 of 2nd period - Martin Hanzal is hit by Brandon McMillan.
13:24 of 2nd period - Ruslan Fedotenko is hit by Andrej Sekera.
13:51 of 2nd period - Icing by Andrej Sekera.
13:52 of 2nd period - Patrik Elias wins face-off versus Kyle Brodziak in Flyers zone.
14:08 of 2nd period - Patrik Elias is hit by Randy Jones and loses puck.
15:21 of 2nd period - Minor Penalty to Raffi Torres for Hooking.
15:22 of 2nd period - John Madden wins face-off versus Patrik Elias in Flyers zone.
15:46 of 2nd period - Matt Cooke is hit by Rostislav Klesla.
16:06 of 2nd period - Shot by Anton Stralman.
16:06 of 2nd period - Stopped by Tomas Vokoun without a rebound.
16:07 of 2nd period - Eric Staal wins face-off versus John Madden in Flyers zone.
16:32 of 2nd period - Shot by Eric Staal.
16:32 of 2nd period - Shot Misses the Net.
16:34 of 2nd period - Shot by Patrick Eaves.
16:34 of 2nd period - Shot Blocked by Ladislav Smid.
16:36 of 2nd period - Shot by Eric Staal.
16:36 of 2nd period - Goal by Eric Staal - Flyers : 2 - Hurricanes : 3.
16:37 of 2nd period - Tim Connolly wins face-off versus Martin Hanzal in neutral zone.
16:37 of 2nd period - Tim Connolly is hit by Ruslan Fedotenko.
16:49 of 2nd period - Shot by Tim Connolly.
16:49 of 2nd period - Shot Blocked by Shane OBrien.
16:51 of 2nd period - Shot by Tim Connolly.
16:51 of 2nd period - Stopped by Johan Hedberg with a rebound.
16:53 of 2nd period - Shot by Justin Williams.
16:53 of 2nd period - Goal by Justin Williams - Flyers : 3 - Hurricanes : 3.
16:54 of 2nd period - Ryan Shannon wins face-off versus Brendan Morrison in neutral zone.
16:56 of 2nd period - Off-side.
16:57 of 2nd period - John Mitchell wins face-off versus Kyle Brodziak in neutral zone.
17:00 of 2nd period - Randy Jones is hit by Chris Thorburn and loses puck.
17:09 of 2nd period - Icing by Mike Weber.
17:10 of 2nd period - John Mitchell wins face-off versus Brendan Morrison in Hurricanes zone.
17:20 of 2nd period - Minor Penalty to Nikolai Kulemin for Hooking.
17:21 of 2nd period - Patrik Elias wins face-off versus Kyle Brodziak in Flyers zone.
18:06 of 2nd period - Chris Pronger is hit by Patrick Eaves and loses puck.
18:13 of 2nd period - Shot by Eric Staal.
18:13 of 2nd period - Shot Blocked by Randy Jones.
18:53 of 2nd period - Minor Penalty to Andrej Sekera for Hooking.
18:54 of 2nd period - Patrik Elias wins face-off versus John Madden in Flyers zone.
19:11 of 2nd period - Shot by Patrik Elias.
19:11 of 2nd period - Shot Blocked by Rostislav Klesla.
19:13 of 2nd period - Shot by Patrik Elias.
19:13 of 2nd period - Shot Misses the Net.
19:15 of 2nd period - Shot by Matt Cooke.
19:15 of 2nd period - Stopped by Tomas Vokoun without a rebound.
19:16 of 2nd period - John Madden wins face-off versus Eric Staal in Flyers zone.
19:24 of 2nd period - Off-side.
19:25 of 2nd period - Eric Staal wins face-off versus John Madden in neutral zone.
19:28 of 2nd period - Shot by Anton Stralman.
19:28 of 2nd period - Shot Misses the Net.

Period #3

0:01 of 3rd period - Thomas Vanek wins face-off versus John Madden in neutral zone.
0:14 of 3rd period - Shot by Thomas Vanek.
0:14 of 3rd period - Shot Misses the Net.
1:02 of 3rd period - Justin Williams is hit by Ryan Wilson and loses puck.
2:45 of 3rd period - Shot by Eric Staal.
2:45 of 3rd period - Shot Blocked by Chris Pronger.
3:05 of 3rd period - Shot by Eric Staal.
3:05 of 3rd period - Shot Misses the Net.
3:29 of 3rd period - Shot by Pascal Dupuis.
3:29 of 3rd period - Stopped by Johan Hedberg with a rebound.
3:55 of 3rd period - Shot by Pascal Dupuis.
3:55 of 3rd period - Deflect By Kyle Brodziak.
3:55 of 3rd period - Shot Blocked by Anton Stralman.
4:18 of 3rd period - Shot by Matt DAgostini.
4:18 of 3rd period - Goal by Matt DAgostini - Flyers : 4 - Hurricanes : 3.
4:19 of 3rd period - Martin Hanzal wins face-off versus John Madden in neutral zone.
4:22 of 3rd period - John Madden is hit by Martin Hanzal and loses puck.
5:14 of 3rd period - Shot by Tim Connolly.
5:14 of 3rd period - Deflect By Matt DAgostini.
5:14 of 3rd period - Stopped by Johan Hedberg with a rebound.
5:19 of 3rd period - Icing by Shane OBrien.
5:20 of 3rd period - Martin Hanzal wins face-off versus Brendan Morrison in Hurricanes zone.
5:43 of 3rd period - Chris Pronger is hit by Matt Cooke and loses puck.
6:57 of 3rd period - Off-side.
6:58 of 3rd period - John Madden wins face-off versus John Mitchell in neutral zone.
6:58 of 3rd period - John Madden is hit by Chris Thorburn.
7:07 of 3rd period - Raffi Torres is hit by Mike Weber and loses puck.
7:12 of 3rd period - Shot by Raffi Torres.
7:12 of 3rd period - Shot Misses the Net.
7:16 of 3rd period - Shot by Marc-Andre Bergeron.
7:16 of 3rd period - Shot Blocked by Shane OBrien.
7:20 of 3rd period - Shot by John Madden.
7:20 of 3rd period - Shot Blocked by Shane OBrien.
7:22 of 3rd period - Shot by John Madden.
7:22 of 3rd period - Stopped by Johan Hedberg with a rebound.
7:24 of 3rd period - Shot by Lee Stempniak.
7:24 of 3rd period - Shot Misses the Net.
8:01 of 3rd period - Shot by Justin Williams.
8:01 of 3rd period - Stopped by Johan Hedberg without a rebound.
8:02 of 3rd period - Eric Staal wins face-off versus Kyle Brodziak in Hurricanes zone.
8:14 of 3rd period - Icing by Randy Jones.
8:15 of 3rd period - Patrik Elias wins face-off versus Kyle Brodziak in Flyers zone.
8:19 of 3rd period - Icing by Andrej Sekera.
8:20 of 3rd period - Patrik Elias wins face-off versus Kyle Brodziak in Flyers zone.
8:27 of 3rd period - Shot by Jarome Iginla.
8:27 of 3rd period - Shot Blocked by Andrej Sekera.
8:39 of 3rd period - Johnny Oduya is hit by Kyle Brodziak.
9:04 of 3rd period - Icing by Jarome Iginla.
9:05 of 3rd period - John Madden wins face-off versus Patrik Elias in Hurricanes zone.
9:08 of 3rd period - Shot by Raffi Torres.
9:08 of 3rd period - Shot Misses the Net.
9:12 of 3rd period - Shot by Marc-Andre Bergeron.
9:12 of 3rd period - Stopped by Johan Hedberg with a rebound.
9:16 of 3rd period - Shot by Lee Stempniak.
9:16 of 3rd period - Stopped by Johan Hedberg without a rebound.
9:17 of 3rd period - Martin Hanzal wins face-off versus Brendan Morrison in Hurricanes zone.
9:46 of 3rd period - Shot by Martin Hanzal.
9:46 of 3rd period - Shot Misses the Net.
9:50 of 3rd period - Shot by Dainius Zubrus.
9:50 of 3rd period - Shot Misses the Net.
9:52 of 3rd period - Shot by Martin Hanzal.
9:52 of 3rd period - Shot Blocked by Rostislav Klesla.
9:54 of 3rd period - Shot by Shane OBrien.
9:54 of 3rd period - Stopped by Tomas Vokoun with a rebound.
10:13 of 3rd period - Rostislav Klesla is hit by Eric Staal and loses puck.
10:25 of 3rd period - Icing by Mike Weber.
10:26 of 3rd period - Kyle Brodziak wins face-off versus Eric Staal in Hurricanes zone.
10:32 of 3rd period - Off-side.
10:33 of 3rd period - Tim Connolly wins face-off versus Matt Cooke in neutral zone.
10:55 of 3rd period - Shot by Patrik Elias.
10:55 of 3rd period - Deflect By Matt Cooke.
10:55 of 3rd period - Shot Misses the Net.
10:59 of 3rd period - Shot by Patrik Elias.
10:59 of 3rd period - Shot Misses the Net.
12:01 of 3rd period - Pascal Dupuis is hit by Anton Stralman and loses puck.
12:13 of 3rd period - Off-side.
12:14 of 3rd period - Ilya Kovalchuk wins face-off versus Martin Hanzal in neutral zone.
12:14 of 3rd period - Ilya Kovalchuk is hit by Ruslan Fedotenko.
12:26 of 3rd period - Icing by Chris Pronger.
12:27 of 3rd period - Jarome Iginla wins face-off versus Brendan Morrison in Flyers zone.
12:45 of 3rd period - Minor Penalty to Rostislav Klesla for Roughing.
12:46 of 3rd period - Kyle Brodziak wins face-off versus Patrik Elias in Flyers zone.
13:15 of 3rd period - Shot by Patrik Elias.
13:15 of 3rd period - Stopped by Tomas Vokoun without a rebound.
13:16 of 3rd period - Eric Staal wins face-off versus Kyle Brodziak in Flyers zone.
13:33 of 3rd period - Shot by Eric Staal.
13:33 of 3rd period - Stopped by Tomas Vokoun with a rebound.
13:35 of 3rd period - Shot by Patrick Eaves.
13:35 of 3rd period - Shot Misses the Net.
13:39 of 3rd period - Shot by Anton Stralman.
13:39 of 3rd period - Stopped by Tomas Vokoun with a rebound.
13:43 of 3rd period - Shot by Patrick Eaves.
13:43 of 3rd period - Shot Misses the Net.
14:40 of 3rd period - Icing by Thomas Vanek.
14:41 of 3rd period - Eric Staal wins face-off versus John Madden in Hurricanes zone.
14:55 of 3rd period - Icing by Ladislav Smid.
14:56 of 3rd period - Brendan Morrison wins face-off versus John Mitchell in Flyers zone.
15:09 of 3rd period - Shot by Mike Weber.
15:09 of 3rd period - Goal by Mike Weber - Flyers : 4 - Hurricanes : 4.
15:10 of 3rd period - Eric Staal wins face-off versus Tim Connolly in neutral zone.
15:10 of 3rd period - Eric Staal is hit by Matt DAgostini.
15:24 of 3rd period - Shot by Thomas Vanek.
15:24 of 3rd period - Stopped by Tomas Vokoun with a rebound.
15:26 of 3rd period - Shot by Eric Staal.
15:26 of 3rd period - Shot Misses the Net.
15:28 of 3rd period - Shot by Eric Staal.
15:28 of 3rd period - Stopped by Tomas Vokoun without a rebound.
15:29 of 3rd period - Patrik Elias wins face-off versus Brendan Morrison in Flyers zone.
16:04 of 3rd period - Icing by Ilya Kovalchuk.
16:05 of 3rd period - Eric Staal wins face-off versus Brendan Morrison in Flyers zone.
16:07 of 3rd period - Thomas Vanek is hit by Chris Pronger and loses puck.
16:20 of 3rd period - Shot by Thomas Vanek.
16:20 of 3rd period - Shot Misses the Net.
16:22 of 3rd period - Shot by Eric Staal.
16:22 of 3rd period - Deflect By Patrick Eaves.
16:22 of 3rd period - Shot Misses the Net.
16:26 of 3rd period - Shot by Eric Staal.
16:26 of 3rd period - Deflect By Thomas Vanek.
16:26 of 3rd period - Stopped by Tomas Vokoun with a rebound.
16:28 of 3rd period - Shot by Patrick Eaves.
16:28 of 3rd period - Stopped by Tomas Vokoun without a rebound.
16:29 of 3rd period - Martin Hanzal wins face-off versus Kyle Brodziak in Flyers zone.
17:09 of 3rd period - Shot by Ruslan Fedotenko.
17:09 of 3rd period - Stopped by Tomas Vokoun without a rebound.
17:10 of 3rd period - Eric Staal wins face-off versus Tim Connolly in Flyers zone.
17:16 of 3rd period - Eric Staal is hit by Ladislav Smid and loses puck.
17:47 of 3rd period - Shot by Matt DAgostini.
17:47 of 3rd period - Shot Misses the Net.
17:51 of 3rd period - Shot by Andrej Sekera.
17:51 of 3rd period - Shot Hit the Post.
18:09 of 3rd period - Matt Cooke is hit by Brendan Morrison and loses puck.
18:22 of 3rd period - Rostislav Klesla is hit by Matt Cooke and loses puck.
18:29 of 3rd period - Shot by Jarome Iginla.
18:29 of 3rd period - Deflect By Matt Cooke.
18:29 of 3rd period - Stopped by Tomas Vokoun without a rebound.
18:30 of 3rd period - Tim Connolly wins face-off versus Martin Hanzal in Flyers zone.
18:30 of 3rd period - Tim Connolly is hit by Martin Hanzal.

Overtime #1

0:01 of 1st overtime period - Eric Staal wins face-off versus Nikolai Kulemin in neutral zone.
0:03 of 1st overtime period - Off-side.
0:04 of 1st overtime period - Jarome Iginla wins face-off versus Tim Connolly in neutral zone.
0:20 of 1st overtime period - Jarome Iginla is hit by Rostislav Klesla and loses puck.
0:41 of 1st overtime period - Shot by Justin Williams.
0:41 of 1st overtime period - Shot Blocked by Jaroslav Spacek.
0:45 of 1st overtime period - Shot by Tim Connolly.
0:45 of 1st overtime period - Shot Blocked by Johnny Oduya.
1:05 of 1st overtime period - Shot by Thomas Vanek.
1:05 of 1st overtime period - Stopped by Tomas Vokoun without a rebound.
1:06 of 1st overtime period - Nikolai Kulemin wins face-off versus Thomas Vanek in Flyers zone.
1:29 of 1st overtime period - Shot by Ilya Kovalchuk.
1:29 of 1st overtime period - Shot Misses the Net.
1:31 of 1st overtime period - Shot by Nikolai Kulemin.
1:31 of 1st overtime period - Shot Misses the Net.
1:33 of 1st overtime period - Shot by Nikolai Kulemin.
1:33 of 1st overtime period - Stopped by Johan Hedberg without a rebound.
1:34 of 1st overtime period - Jarome Iginla wins face-off versus Justin Williams in Hurricanes zone.
2:08 of 1st overtime period - Andrej Sekera is hit by Eric Staal and loses puck.
2:21 of 1st overtime period - Shot by Thomas Vanek.
2:21 of 1st overtime period - Shot Misses the Net.
2:23 of 1st overtime period - Shot by Thomas Vanek.
2:23 of 1st overtime period - Stopped by Tomas Vokoun without a rebound.
2:24 of 1st overtime period - Ilya Kovalchuk wins face-off versus Thomas Vanek in Flyers zone.
2:29 of 1st overtime period - Shot by Nikolai Kulemin.
2:29 of 1st overtime period - Shot Blocked by Shane OBrien.
2:43 of 1st overtime period - Shot by Patrik Elias.
2:43 of 1st overtime period - Shot Misses the Net.
2:45 of 1st overtime period - Shot by Thomas Vanek.
2:45 of 1st overtime period - Stopped by Tomas Vokoun with a rebound.
2:49 of 1st overtime period - Shot by Thomas Vanek.
2:49 of 1st overtime period - Deflect By Patrik Elias.
2:49 of 1st overtime period - Goal by Patrik Elias - Flyers : 4 - Hurricanes : 5.


Output by the SimonT Hockey Simulator (STHS) for Stephane Roy -- Original Page W3C XHTML 1.0 Valid